 Dungeon Crawl Stone Soup version 0.26.1-11-gd32895ea62 (webtiles) character file.

Game seed: 10285091420868999174

67 infcreate the Sneak (level 3, -5/20 HPs)
             Began as a Vampire Enchanter on Apr 22, 2021.
             Killed from afar by an orc wizard (7 damage)
             ... with a magic dart
             ... on level 2 of the Dungeon.
             The game lasted 00:04:22 (1457 turns).

infcreate the Sneak (Vampire Enchanter)             Turns: 1457, Time: 00:04:22

Health: -5/20      AC:  5    Str:  7    XL:     3   Next: 98%
Magic:  1/6        EV: 13    Int: 17    God:
Gold:   38         SH:  0    Dex: 15    Spells: 0/6 levels left

rFire    . . .     SeeInvis +   a - +2 dagger
rCold    + + .     Faith    .   (no shield)
rNeg     + + +     Spirit   .   b - +0 robe
rPois    ∞         Reflect  .   (no helmet)
rElec    .         Harm     .   (no cloak)
rCorr    .         Rampage  .   c - +2 pair of gloves
Will     .....                  (no boots)
Stlth    +++++.....             (no amulet)
HPRegen  0.00/turn              (no ring)
MPRegen  0.10/turn              (no ring)

@: bloodless
A: fangs 3, see invisible, unbreathing
a: Bat Form, Revivify


You were on level 2 of the Dungeon.
You visited 1 branch of the dungeon, and saw 2 of its levels.

You collected 38 gold pieces.


Innate Abilities, Weirdness & Mutations

You do not regenerate when monsters are visible.
You are frail without blood (-20% HP).
You can heal yourself when you bite living creatures.
You are immune to poison.
You have razor-sharp teeth.
You have supernaturally acute eyesight. (SInv)
You can survive without breathing.


   Skills:
 + Level 0.8 Fighting
 * Level 2.0 Short Blades
 * Level 2.9 Dodging
 * Level 5.1 Stealth
 + Level 2.2 Spellcasting
 * Level 5.0 Hexes


You couldn't memorise any spells.
You knew the following spells:

 Your Spells              Type           Power        Failure   Level
c - Corona                Hex            21%          2%          1
e - Ensorcelled Hibernat  Hex/Ice        20%          10%         2
t - Confusing Touch       Hex            19%          7%          3

Your spell library contained the following spells:

 Spells                   Type           Power        Failure   Level
 Tukima's Dance           Hex            19%          7%          3
 Dazzling Flash           Conj/Hex       20%          21%         3

Inventory:

Hand Weapons
 a - a +2 dagger (weapon)
Armour
 b - a +0 robe (worn)
 c - a +2 pair of gloves (worn)
Potions
 d - 2 potions of curing {unknown}
 e - a potion of magic {unknown}
 f - a potion of attraction {unknown}
 h - a potion of heal wounds {unknown}
 i - a potion of might {unknown}
 j - a potion of brilliance {unknown}

Dungeon Overview and Level Annotations

Branches:
Dungeon (2/15)

Altars:

.# .. #.# $..
..# .. ..# ..#
###.# .. #@..#
#. ##.###
#.##..# #..!.##
# #.o### o##
#..###### ...
##.††o.o#
#.####.####.###
#......# #.oo#


You could see an orc wizard (invisible).


Message History

You resist with some effort.
Found a dagger and 11 gold pieces.
An orc comes into view. It is wielding a +0 hand axe.
Casting: Confusing Touch (quite dangerous; 7% risk of failure)
Confirm with . or Enter, or press ? or * to list all spells.
The spell is quite dangerous to cast (7% risk of failure)!
Continue anyway?
Your hands begin to glow red.
The orc wizard casts a spell at you. The magic dart hits you.
* * * LOW HITPOINT WARNING * * *
The orc barely misses you. The orc wizard misses you.
The orc wizard hits you but does no damage.
You barely miss the orc.
The orc throws a stone.
The stone closely misses you. The orc wizard casts a spell at you.
The puff of flame hits you!
* * * LOW HITPOINT WARNING * * *
You see here a rat corpse.
You see here an adder corpse.
Your hands stop glowing.
A worm comes into view.
Found 9 gold pieces.
You see here a glowing puce potion.
The helpless worm fails to defend itself.
You impale the worm!!
You kill the worm!
The orc wizard gestures at itself while chanting.
The orc wizard flickers and vanishes for a moment.
The orc wizard casts a spell at you. The magic dart hits you!
You die...

Skill      XL: |  1  2  3 |
---------------+----------+-----
Short Blades   | 2 |  2.0
Stealth        | 5 |  5.1
Hexes          | 5 |  5.0
Fighting       | |  0.8
Dodging        | |  2.9
Spellcasting   | |  2.2

Action                   || total
-------------------------++-------
Melee: Dagger            ||   125
       Bite              ||    10
 Cast: Corona            ||    28
       Ensorcelled Hiber ||     8
       Confusing Touch   ||     2
 Abil: Exsanguinate      ||     1
  Use: Scroll            ||     1
 Stab: Sleeping          ||     8
       Confused          ||     1
Armor: Robe              ||    55
Dodge: Dodged            ||    91

Levels and vault maps discovered:
D:1:      amcnicky_arrival_wind_blow, layout_basic
D:2:      layout_rooms, fiery_altar_vehumet, old_standard_altar, uniq_natasha

Notes
Turn   | Place    | Note
-------+----------+-------------------------------------------
     0 | D:1      | infcreate the Vampire Enchanter began the quest for the
                  | Orb.
     0 | D:1      | Reached XP level 1. HP: 13/13 MP: 3/3
   459 | D:1      | Reached XP level 2. HP: 13/15 MP: 1/5
   537 | D:1      | Learned a level 2 spell: Ensorcelled Hibernation
  1334 | D:2      | Reached XP level 3. HP: 20/20 MP: 1/6
  1408 | D:2      | Learned a level 3 spell: Confusing Touch
  1419 | D:2      | Reached skill level 2 in Short Blades
  1419 | D:2      | Reached skill level 5 in Stealth
  1419 | D:2      | Reached skill level 5 in Hexes
  1446 | D:2      | HP: 2/20 [orc wizard/puff of flame (8)]
  1457 | D:2      | Killed from afar by an orc wizard

Vanquished Creatures
  An orc wizard (D:2)
  An adder (D:2)
  A worm (D:2)
  An orc (D:2)
  2 goblins
  2 hobgoblins (D:1)
  7 jackals (D:1)
  5 bats (D:1)
  4 kobolds (D:1)
  2 rats
26 creatures vanquished.

Table legend: (Time is in decaauts)
 A = Elapsed time spent in this place.
 B = Non-inter-level travel time spent in this place.
 C = Inter-level travel time spent in this place.
 D = Time resting spent in this place.
 E = Time spent auto-exploring this place.
 F = Levels seen in this place.
 G = Mean time per level.
                   A        B        C        D        E       F      G
               +--------+--------+--------+--------+--------+-----+--------+
         Total |   1446 |   1434 |     12 |    214 |    808 |   2 |  723.0 |
       Dungeon |   1446 |   1434 |     12 |    214 |    808 |   2 |  723.0 |
               +--------+--------+--------+--------+--------+-----+--------+

Top non-repeatable levels by time:
     D:1: 1252 daAuts
     D:2: 194 daAuts

Table legend:
 A = Non-vault XP
 B = Vault XP
 C = Vault XP percentage of total XP
 D = Non-vault monster count
 E = Vault monster count
 F = Vault count percentage of total count
                 A         B        C        D         E       F
            +---------+---------+-------+---------+---------+-------
      Total |      96 |       0 |   0.0 |      26 |       0 |   0.0
            +---------+---------+-------+---------+---------+-------
        D:1 |      33 |       0 |   0.0 |      20 |       0 |   0.0
        D:2 |      63 |       0 |   0.0 |       6 |       0 |   0.0
            +---------+---------+-------+---------+---------+-------
